 Dungeon Crawl Stone Soup version 0.16-a0-282-ga87e286 (webtiles) character file.

426 Kashira the Archer (level 6, -6/47 HPs)
             Began as a Centaur Hunter on Aug 27, 2014.
             Killed from afar by Crauler's ghost (16 damage)
             ... with a stone arrow
             ... in an ossuary.
             The game lasted 00:19:01 (2846 turns).

Kashira the Archer (Centaur Hunter)                 Turns: 2846, Time: 00:19:01

HP  -6/47        AC 11     Str 14      XL: 6   Next: 64%
MP   5/5         EV  7     Int 10      God:
Gold 154         SH  0     Dex 12      Spells:  0 memorised,  5 levels left

rFire  . . .     SeeInvis .     b - +2 shortbow
rCold  . . .     Clarity  .     d - +0 leather armour (curse)
rNeg   . . .     rCorr    .     (no shield)
rPois  .         rRot     .     (no helmet)
rElec  .         Spirit   .     z - +0 cloak
SustAb .         Warding  .     (no gloves)
rMut   .         Stasis   .     g - +1 centaur barding (curse)
Gourm  .                        (no amulet)
MR     .....                    (no ring)
                                (no ring)

@: about to teleport, very quick, not resistant to hostile enchantments, very
unstealthy
A: hooves 3, deformed body, speed 2, tough skin 3
a: no special abilities


You were in an ossuary.
You were not hungry.

You visited 1 branch of the dungeon, and saw 4 of its levels.
You also visited: Ossuary.

You collected 154 gold pieces.

Inventory:

Hand weapons
 a - a +0 short sword
 b - a +2 shortbow (weapon)
Missiles
 c - 20 arrows (quivered)
 x - 6 needles of slowing
 y - 11 bolts
 B - 8 arrows of frost
Armour
 d - a cursed +0 leather armour (worn)
 g - a cursed +1 centaur barding (worn)
 z - a +0 cloak (worn)
Comestibles
 f - 3 bread rations
 i - a royal jelly
 m - 4 fruits
 s - a beef jerky
 w - 3 meat rations
 C - a rotting chunk of hound flesh
Scrolls
 h - 3 scrolls of enchant weapon
 j - 4 scrolls of teleportation
 k - 3 scrolls of remove curse
 o - a scroll of random uselessness {unknown}
 q - a scroll of amnesia {unknown}
 t - 2 scrolls of enchant armour {unknown}
 v - a scroll of identify
 D - a scroll of magic mapping {unknown}
 H - a scroll of blinking
Jewellery
 e - a cursed -2 ring of strength {unknown}
 p - an uncursed ring of poison resistance {unknown}
Potions
 l - 3 potions of curing
 n - 2 potions of might {unknown}
 r - a potion of lignification {unknown}
 u - a potion of cancellation {unknown}
 A - a potion of brilliance {unknown}
 E - 2 potions of cure mutation {unknown}
 F - a potion of haste {unknown}
 G - 2 potions of heal wounds {unknown}
 I - a potion of confusion {unknown}


   Skills:
 + Level 1.5 Fighting
 + Level 1.0 Short Blades
 + Level 9.3 Bows
 + Level 1.5 Armour
 + Level 1.9 Dodging
 + Level 0.6 Stealth


You had 5 spell levels left.
You didn't know any spells.

Dungeon Overview and Level Annotations

Branches:
Dungeon (4/15)
 Temple: D:4-7

Altars:
Qazlal
Zin

Annotations:
Ossuary Crauler's ghost, average GrEE


Innate Abilities, Weirdness & Mutations

You have hooves in place of feet.
Armour fits poorly on your strangely shaped body.
You cover ground very quickly.
You have extremely tough skin (AC +3).


Message History

Aim: Crauler's ghost You shoot an arrow.
The arrow closely misses Crauler's ghost.
Really attack while wielding your +2 shortbow? [Y]es or [N]o only, please.
Really attack while wielding your +2 shortbow? [Y]es or [N]o only, please.
Really attack while wielding your +2 shortbow?
Read which item? (? for menu, Esc to quit)
Okay, then.
c - 20 arrows (gained 1) Crauler's ghost points at you and mumbles some strange words.
The stone arrow hits you!
* * * LOW HITPOINT WARNING * * *
Read which item? (? for menu, Esc to quit)
As you read the scroll of teleportation, it crumbles to dust.
You feel strangely unstable.
Crauler's ghost gestures at you while chanting.
The stone arrow hits you!
You die...

######
#...(#
#..#@#
##..####W#
.......(.#
....####(#
#(# . .(#
#. ####
#.. #.Z


You could see Crauler's ghost.

Vanquished Creatures
  An ogre (D:4)
  An elf zombie (Ossuary)
  The ghost of nht the Bolt Thrower, a weakling MiHu (D:3)
  A giant frog skeleton (D:4)
  A human zombie (Ossuary)
  A hound (D:4)
  A big kobold zombie (Ossuary)
  2 mummies
  4 adders
  A worm (D:2)
  3 giant geckos
  An orc (D:4)
  4 bats
  A bat skeleton (D:4)
  A giant cockroach (D:3)
  5 goblins
  11 hobgoblins
  4 jackals (D:2)
  A ball python (D:1)
  8 giant newts
  A goblin zombie (Ossuary)
  4 hobgoblin zombies (Ossuary)
  5 kobolds
  3 kobold zombies (Ossuary)
  An orc skeleton (D:4)
  3 orc zombies (Ossuary)
  7 rats
  A rat zombie (Ossuary)
78 creatures vanquished.

Notes
Turn   | Place    | Note
--------------------------------------------------------------
     0 | D:1      | Kashira, the Centaur Hunter, began the quest for the Orb.
     0 | D:1      | Reached XP level 1. HP: 16/16 MP: 1/1
   119 | D:1      | Reached XP level 2. HP: 18/23 MP: 2/2
   254 | D:1      | Reached skill level 6 in Bows
   813 | D:2      | Reached XP level 3. HP: 24/28 MP: 3/3
   980 | D:2      | Found a glowing silver altar of Zin.
  1316 | D:2      | Reached skill level 7 in Bows
  1486 | D:2      | Reached XP level 4. HP: 31/35 MP: 3/3
  1660 | D:2      | Found a stormy altar of Qazlal.
  1943 | D:3      | Noticed nht's ghost (weakling MiHu)
  1967 | D:3      | Killed nht's ghost
  1967 | D:3      | Reached skill level 1 in Armour
  2218 | D:3      | Reached XP level 5. HP: 40/40 MP: 4/4
  2265 | D:4      | Noticed an ogre
  2270 | D:4      | Killed an ogre
  2270 | D:4      | Reached skill level 8 in Bows
  2362 | D:4      | Reached XP level 6. HP: 44/47 MP: 5/5
  2494 | D:4      | Found a sand-covered staircase.
  2508 | Ossuary  | Entered an ossuary
  2508 | Ossuary  | Noticed Crauler's ghost (average GrEE)
  2684 | Ossuary  | Reached skill level 9 in Bows
  2723 | Ossuary  | Reached skill level 1 in Short Blades
  2846 | Ossuary  | Killed from afar by Crauler's ghost

Action                   |  1- 3 |  4- 6 || total
-------------------------+-------+-------++-------
Melee: Short sword       |    23 |    51 ||    74
 Fire: Shortbow          |    95 |   114 ||   209
  Use: Scroll            |     5 |     2 ||     7
  Eat: Chunk             |       |     3 ||     3
       Bread ration      |       |     1 ||     1
